SAAA
HIALEAH DODOS @ SCRANTON SUPERNOVAS
05/22/2042
 
TOP OF THE 1ST
Hialeah Dodos batting - Pitching for Scranton Supernovas : LHP Francisco Rivas
Pitching: LHP Francisco Rivas
Batting: RHB Yaakov Shmerkin 0-0: Ball
1-0: Called Strike
1-1: Ball
2-1: Foul Ball, location: 2F
2-2: Foul Ball, location: 2F
2-2: Ball
3-2: Foul Ball, location: 2F
3-2: Fly out, F8 (Flyball, 8LM, EV 80.6 MPH)
Batting: RHB Eddie Neef 0-0: Ball
1-0: Swinging Strike
1-1: Ball
2-1: Foul Ball, location: 2F
2-2: Foul Ball, location: 2F
2-2: Ground out 6-3 (Groundball, 6, EV 81.2 MPH)
Batting: LHB Keith Pick 0-0: Called Strike
0-1: Foul Ball, location: 2F
0-2: Ball
1-2: Strikes out swinging
Top of the 1st over - 0 runs, 0 hits, 0 errors, 0 left on base; Hialeah 0 - Scranton 0
BOTTOM OF THE 1ST
Scranton Supernovas batting - Pitching for Hialeah Dodos : RHP Ed Alexander
Pitching: RHP Ed Alexander
Batting: RHB Yong-ho Jheon 0-0: Ball
1-0: Ball
2-0: Ball
3-0: Base on Balls
Batting: RHB August Force 0-0: Foul Ball, location: 2F
0-1: Ball
1-1: Foul Ball, location: 2F
1-2: Fly out, F6 (Popup, 4MS, EV 86.9 MPH)
Batting: LHB Samual Johnson 0-0: Called Strike
0-1: Ball
1-1: Called Strike
1-2: Foul Ball, location: 2F
1-2: Strikes out looking
Batting: RHB Phil Moore 0-0: Ball
1-0: Ball
2-0: Called Strike
2-1: Foul Ball, location: 2F
2-2: Ball
3-2: Foul Ball, location: 2F
3-2: Reached on error, E5 (Groundball, 56S, EV 66.2 MPH)
Yong-ho Jheon to second
Batting: LHB Guan-pei Bei 0-0: Ball
1-0: Ball
2-0: Ball
3-0: Called Strike
3-1: SINGLE (Groundball, 4, EV 98.8 MPH) (infield hit)
Yong-ho Jheon to third
Phil Moore to second
Batting: RHB Gene Wilson 0-0: Ball
1-0: SINGLE (Groundball, 56D, EV 98.1 MPH)
Yong-ho Jheon scores
Phil Moore to third
Guan-pei Bei to second
Runner from 3rd tries for Home, SAFE, throw by LF to home
Now in LF: Manuel Ruíz
Batting: RHB Luis Rodríguez 0-0: Ball
1-0: Ball
2-0: Called Strike
2-1: Fly out, F9 (Line Drive, 9, EV 92.5 MPH)
Bottom of the 1st over - 2 runs, 2 hits, 1 error, 2 left on base; Hialeah 0 - Scranton 2
TOP OF THE 2ND
Hialeah Dodos batting - Pitching for Scranton Supernovas : LHP Francisco Rivas
Batting: RHB Mulia Muljana 0-0: Ball
1-0: Hit by Pitch
Batting: RHB Juan Reyes 0-0: Foul Ball, location: 2F
0-1: Called Strike
0-2: Strikes out looking
Batting: RHB Alfonso Cabedo 0-0: Ball
1-0: Called Strike
1-1: Ball
2-1: Foul Ball, location: 2F
2-2: Ball
3-2: Grounds into double play, 5-4-3 (Groundball, 5, EV 107.5 MPH)
Top of the 2nd over - 0 runs, 0 hits, 0 errors, 0 left on base; Hialeah 0 - Scranton 2
BOTTOM OF THE 2ND
Scranton Supernovas batting - Pitching for Hialeah Dodos : RHP Ed Alexander
Batting: RHB César Ferreira 0-0: Ball
1-0: Ball
2-0: Ball
3-0: Base on Balls
Batting: RHB Domingo Cabrera 0-0: Called Strike
0-1: Called Strike
0-2: Ball
1-2: Ball
2-2: Foul Ball, location: 2F
2-2: Foul Ball, location: 2F
2-2: Fly out, F7 (Flyball, 7D, EV 104.4 MPH)
Batting: RHB Yong-ho Jheon 0-0: Ball
Wild Pitch!
César Ferreira to second
1-0: Foul Ball, location: 2F
1-1: Ball
2-1: Foul Ball, location: 2F
2-2: Ball
3-2: Foul Ball, location: 2F
3-2: Ground out 5-3 (Groundball, 56, EV 90.6 MPH)
Batting: RHB August Force 0-0: Fly out, F5 (Popup, 56S, EV 69.4 MPH)
Bottom of the 2nd over - 0 runs, 0 hits, 0 errors, 1 left on base; Hialeah 0 - Scranton 2
TOP OF THE 3RD
Hialeah Dodos batting - Pitching for Scranton Supernovas : LHP Francisco Rivas
Batting: RHB Pat Geldart 0-0: Swinging Strike
0-1: Ball
1-1: Ball
2-1: Ground out 5-3 (Groundball, 56S, EV 78.1 MPH)
Batting: RHB Sergio San Martín 0-0: Called Strike
0-1: Ground out 6-3 (Groundball, 6, EV 87.5 MPH)
Batting: RHB Ray Covalt 0-0: Ball
1-0: Called Strike
1-1: Ball
2-1: Foul Ball, location: 2F
2-2: Foul Ball, location: 2F
2-2: Fly out, F9 (Flyball, 9LSF, EV 95.6 MPH)
Top of the 3rd over - 0 runs, 0 hits, 0 errors, 0 left on base; Hialeah 0 - Scranton 2
BOTTOM OF THE 3RD
Scranton Supernovas batting - Pitching for Hialeah Dodos : RHP Ed Alexander
Batting: LHB Samual Johnson 0-0: Ball
1-0: Ball
2-0: Ball
3-0: Called Strike
3-1: Called Strike
3-2: Ground out 4-3 (Groundball, 4, EV 99.4 MPH)
Batting: RHB Phil Moore 0-0: Ball
1-0: Fly out, F6 (Popup, 4M, EV 63.1 MPH)
Batting: LHB Guan-pei Bei 0-0: Called Strike
0-1: DOUBLE (Line Drive, 9LS, EV 103.1 MPH)
Pinch Runner at 2nd Bill Stanton:
Batting: RHB Gene Wilson 0-0: Ball
1-0: Called Strike
1-1: Swinging Strike
1-2: Ground out 5-3 (Groundball, 56S, EV 78.8 MPH)
Bottom of the 3rd over - 0 runs, 1 hit, 0 errors, 1 left on base; Hialeah 0 - Scranton 2
TOP OF THE 4TH
Hialeah Dodos batting - Pitching for Scranton Supernovas : LHP Francisco Rivas
Now in LF: Abhipala Srivastav
Batting: LHB Manuel Ruíz 0-0: Ball
1-0: Ball
2-0: Ball
3-0: Base on Balls
Batting: RHB Eddie Neef 0-0: Called Strike
0-1: Ball
1-1: Ball
2-1: SINGLE (Line Drive, 89S, EV 95.6 MPH)
Manuel Ruíz to second
Batting: LHB Keith Pick 0-0: Ball
1-0: Foul Ball, location: 2F
1-1: Ball
Wild Pitch!
Manuel Ruíz to third
Eddie Neef to second
2-1: Fly out, F7 (Flyball, 7D, EV 105.6 MPH)
Runner from 3rd tags up, SCORES, throw by LF
Eddie Neef to third
Batting: RHB Mulia Muljana 0-0: Fly out, F3 (Popup, 3SF, EV 83.8 MPH)
Batting: RHB Juan Reyes 0-0: Ball
1-0: Foul Ball, location: 2F
1-1: Ground out 6-3 (Groundball, 6S, EV 75.6 MPH)
Top of the 4th over - 1 run, 1 hit, 0 errors, 1 left on base; Hialeah 1 - Scranton 2
BOTTOM OF THE 4TH
Scranton Supernovas batting - Pitching for Hialeah Dodos : RHP Ed Alexander
Batting: RHB Luis Rodríguez 0-0: Ground out 6-3 (Groundball, 6, EV 85.6 MPH)
Batting: RHB César Ferreira 0-0: Ball
1-0: Ball
2-0: Ball
3-0: Called Strike
3-1: Fly out, F9 (Flyball, 89D, EV 90.6 MPH)
Batting: RHB Domingo Cabrera 0-0: Called Strike
0-1: Swinging Strike
0-2: Strikes out swinging
Bottom of the 4th over - 0 runs, 0 hits, 0 errors, 0 left on base; Hialeah 1 - Scranton 2
TOP OF THE 5TH
Hialeah Dodos batting - Pitching for Scranton Supernovas : LHP Francisco Rivas
Batting: RHB Alfonso Cabedo 0-0: Foul Ball, location: 2F
0-1: Ball
1-1: Swinging Strike
1-2: Ball
2-2: Ground out 5-3 (Groundball, 56, EV 83.8 MPH)
Batting: RHB Pat Geldart 0-0: Called Strike
0-1: Swinging Strike
0-2: Strikes out swinging
Batting: RHB Sergio San Martín 0-0: Fly out, F2 (Popup, 23F, EV 78.8 MPH)
Top of the 5th over - 0 runs, 0 hits, 0 errors, 0 left on base; Hialeah 1 - Scranton 2
BOTTOM OF THE 5TH
Scranton Supernovas batting - Pitching for Hialeah Dodos : RHP Ed Alexander
Batting: RHB Yong-ho Jheon 0-0: Ball
1-0: Called Strike
1-1: Ball
2-1: Ball
3-1: SINGLE (Groundball, 6M, EV 107.5 MPH) (infield hit)
Batting: RHB August Force 0-0: Ball
1-0: Fly out, F7 (Line Drive, 7D, EV 98.8 MPH)
Batting: LHB Samual Johnson 0-0: Fly out, F8 (Flyball, 8RM, EV 96.9 MPH)
Batting: RHB Phil Moore 0-0: Ball
Yong-ho Jheon steals 2nd base
1-0: Fly out, F7 (Flyball, 78XD, EV 91.9 MPH)
Bottom of the 5th over - 0 runs, 1 hit, 0 errors, 1 left on base; Hialeah 1 - Scranton 2
TOP OF THE 6TH
Hialeah Dodos batting - Pitching for Scranton Supernovas : LHP Francisco Rivas
Batting: RHB Ray Covalt 0-0: Ball
1-0: Ball
2-0: Called Strike
2-1: SOLO HOME RUN (Flyball, 78XD, EV 103.8 MPH), Distance : 429 ft
Batting: LHB Manuel Ruíz 0-0: Ball
1-0: Called Strike
1-1: Fly out, F8 (Flyball, 8RD, EV 90.6 MPH)
Batting: RHB Eddie Neef 0-0: Ball
1-0: Ball
2-0: Ball
3-0: Called Strike
3-1: Fly out, F7 (Flyball, 7LMF, EV 81.2 MPH)
Batting: LHB Keith Pick 0-0: Ball
1-0: Foul Ball, location: 2F
1-1: SINGLE (Groundball, 4MD, EV 103.8 MPH)
Batting: RHB Mulia Muljana 0-0: Foul Ball, location: 2F
0-1: Ball
1-1: Fly out, F9 (Line Drive, 9, EV 85.6 MPH)
Top of the 6th over - 1 run, 2 hits, 0 errors, 1 left on base; Hialeah 2 - Scranton 2
BOTTOM OF THE 6TH
Scranton Supernovas batting - Pitching for Hialeah Dodos : RHP Ed Alexander
Batting: RHB Abhipala Srivastav 0-0: Ball
1-0: Ground out 6-3 (Groundball, 6M, EV 103.8 MPH)
Batting: RHB Gene Wilson 0-0: Foul Ball, location: 2F
0-1: Called Strike
0-2: Ball
1-2: Ball
2-2: Ground out 3-1 (Groundball, 34, EV 92.5 MPH)
Batting: RHB Luis Rodríguez 0-0: Swinging Strike
0-1: Ball
1-1: Ball
2-1: Ground out 6-3 (Groundball, 6, EV 86.9 MPH)
Bottom of the 6th over - 0 runs, 0 hits, 0 errors, 0 left on base; Hialeah 2 - Scranton 2
TOP OF THE 7TH
Hialeah Dodos batting - Pitching for Scranton Supernovas : LHP Francisco Rivas
Batting: RHB Juan Reyes 0-0: Ball
1-0: Ball
2-0: Ball
3-0: Base on Balls
Batting: RHB Alfonso Cabedo 0-0: Ball
1-0: Swinging Strike
1-1: Ball
2-1: Ball
3-1: Base on Balls
Juan Reyes to second
Batting: RHB Pat Geldart 0-0: Called Strike
0-1: Ball
1-1: Ball
2-1: Foul Ball, location: 2F
2-2: Strikes out looking
Pitching: RHP Richard Arnie
Batting: RHB Sergio San Martín 0-0: Ball
1-0: SINGLE (Groundball, 34D, EV 101.9 MPH)
Juan Reyes to third
Alfonso Cabedo to second
Runner from 3rd tries for Home, SAFE, no throw by RF
Batting: RHB Ray Covalt 0-0: Ball
1-0: Fly out, F9 (Flyball, 9LD, EV 96.9 MPH)
Batting: LHB Manuel Ruíz 0-0: Foul Ball, location: 2F
0-1: Foul Ball, location: 2F
0-2: Ball
1-2: Ball
2-2: Strikes out swinging
Top of the 7th over - 1 run, 1 hit, 0 errors, 2 left on base; Hialeah 3 - Scranton 2
BOTTOM OF THE 7TH
Scranton Supernovas batting - Pitching for Hialeah Dodos : RHP Ed Alexander
Pitching: LHP Mike Park
Batting: RHB César Ferreira 0-0: Swinging Strike
0-1: Swinging Strike
0-2: Foul Ball, location: 2F
0-2: Foul Ball, location: 2F
0-2: Strikes out looking
Batting: RHB Domingo Cabrera 0-0: Called Strike
0-1: Ground out 6-3 (Groundball, 6, EV 98.8 MPH)
Batting: RHB Yong-ho Jheon 0-0: Ball
1-0: Ball
2-0: Ball
3-0: Called Strike
3-1: Base on Balls
Batting: RHB August Force 0-0: Ball
1-0: SINGLE (Groundball, 6D, EV 107.5 MPH)
Yong-ho Jheon to second
Runner from 2nd tries for 3rd, SAFE, no throw by LF
Batting: LHB Samual Johnson 0-0: Ball
1-0: Ball
2-0: Ball
3-0: Base on Balls
August Force to second
Batting: RHB Phil Moore 0-0: Called Strike
0-1: Ball
1-1: Foul Ball, location: 2F
1-2: Strikes out swinging
Bottom of the 7th over - 0 runs, 1 hit, 0 errors, 3 left on base; Hialeah 3 - Scranton 2
TOP OF THE 8TH
Hialeah Dodos batting - Pitching for Scranton Supernovas : RHP Richard Arnie
Batting: RHB Eddie Neef 0-0: Called Strike
0-1: Swinging Strike
0-2: Strikes out swinging
Batting: LHB Keith Pick 0-0: Swinging Strike
0-1: Ball
1-1: Called Strike
1-2: Ball
2-2: Foul Ball, location: 2F
2-2: Ball
3-2: Ground out 4-3 (Groundball, 4, EV 90.0 MPH)
Batting: RHB Mulia Muljana 0-0: Foul Ball, location: 2F
0-1: Foul Ball, location: 2F
0-2: Hit by Pitch
Batting: RHB Juan Reyes 0-0: Ball
1-0: Swinging Strike
1-1: Fly out, F8 (Flyball, 8LM, EV 76.2 MPH)
Top of the 8th over - 0 runs, 0 hits, 0 errors, 1 left on base; Hialeah 3 - Scranton 2
BOTTOM OF THE 8TH
Scranton Supernovas batting - Pitching for Hialeah Dodos : LHP Mike Park
Batting: RHB Abhipala Srivastav 0-0: Fly out, F8 (Line Drive, 8RM, EV 95.0 MPH)
Batting: RHB Gene Wilson 0-0: Ball
1-0: Called Strike
1-1: Fly out, F8 (Line Drive, 8LD, EV 83.1 MPH)
Batting: RHB Luis Rodríguez 0-0: Called Strike
0-1: Ground out 6-3 (Groundball, 56, EV 86.9 MPH)
Bottom of the 8th over - 0 runs, 0 hits, 0 errors, 0 left on base; Hialeah 3 - Scranton 2
TOP OF THE 9TH
Hialeah Dodos batting - Pitching for Scranton Supernovas : RHP Richard Arnie
Batting: RHB Alfonso Cabedo 0-0: Ball
1-0: Ball
2-0: Called Strike
2-1: Foul Ball, location: 2F
2-2: Strikes out looking
Batting: RHB Pat Geldart 0-0: Foul Ball, location: 2F
0-1: Fly out, F8 (Flyball, 8LD, EV 73.1 MPH)
Batting: RHB Sergio San Martín 0-0: Ground out 5-3 (Groundball, 56, EV 101.9 MPH)
Top of the 9th over - 0 runs, 0 hits, 0 errors, 0 left on base; Hialeah 3 - Scranton 2
BOTTOM OF THE 9TH
Scranton Supernovas batting - Pitching for Hialeah Dodos : LHP Mike Park
Pitching: RHP Surrealiste Zhejna
Now at 1B: Ron Lawrence
Pinch Hitting: LHB Dean Jackson 0-0: Ball
1-0: Called Strike
1-1: Foul Ball, location: 2F
1-2: Fly out, F3 (Popup, 3F, EV 80.0 MPH)
Pinch Hitting: RHB Zacarías Salazar 0-0: Ball
1-0: Ground out 6-3 (Groundball, 6S, EV 91.9 MPH)
Batting: RHB Yong-ho Jheon 0-0: Ball
1-0: Swinging Strike
1-1: Foul Ball, location: 2F
1-2: Ball
2-2: Ball
3-2: Base on Balls
Batting: RHB August Force 0-0: Ball
1-0: Foul Ball, location: 2F
1-1: Fly out, F8 (Flyball, 8RS, EV 87.5 MPH)
Bottom of the 9th over - 0 runs, 0 hits, 0 errors, 1 left on base; Hialeah 3 - Scranton 2
Friday, March 26th, 2021 - OOTP Baseball 20.8 Build 74